 Dungeon Crawl Stone Soup version 0.23.2-33-g5129a83184 (webtiles) character file.

Game seed: 2783227291620983566

333 H0rd4k the Cutter (level 6, 0/44 HPs)
             Began as a Human Artificer on July 23, 2019.
             Was an Initiate of Gozag.
             Slain by Pikel
             ... wielding a +2 whip of flaming
              (3 damage)
             ... on level 3 of the Dungeon.
             The game lasted 00:08:25 (5057 turns).

H0rd4k the Cutter (Human Artificer)                 Turns: 5057, Time: 00:08:25

Health: 0/44       AC:  5    Str: 19    XL:     6   Next: 83%
Magic:  8/8        EV: 13    Int: 11    God:    Gozag
Gold:   486        SH:  0    Dex: 14    Spells: 5/5 levels left

rFire    . . .     SeeInvis .   a - +0 short sword
rCold    . . .     Gourm    .   (no shield)
rNeg     . . .     Faith    .   b - +0 leather armour
rPois    .         Spirit   .   u - +0 helmet of the Morning {Str+5} (curse)
rElec    .         Reflect  .   (no cloak)
rCorr    .         Harm     .   (no gloves)
MR       .....                  q - +0 pair of boots
Stlth    ++........             (no amulet)
HPRegen  0.14/turn              s - ring of flight
MPRegen  0.11/turn              (no ring)

@: no status effects
A: no striking features
a: Potion Petition, Call Merchant, Bribe Branch, Renounce Religion, Evoke Flight


You were on level 3 of the Dungeon.
You worshipped Gozag.
Gozag was aware of your devotion.
You were very hungry.

You visited 1 branch of the dungeon, and saw 4 of its levels.

You collected 543 gold pieces.
You paid 57 gold pieces to Gozag.

Inventory:

Hand Weapons
 a - a +0 short sword (weapon)
 w - a +0 blowgun
Missiles
 x - 3 poisoned needles
Armour
 b - a +0 leather armour (worn)
 q - a +0 pair of boots (worn)
 u - the cursed +0 helmet of the Morning (worn) {Str+5}
   (You took it off Robin on level 2 of the Dungeon)

   It affects your strength (+5).
   It has a curse placed upon it.
 z - a +0 pair of gloves
Jewellery
 s - a ring of flight (left hand)
Wands
 c - a wand of flame (15)
 d - a wand of enslavement (11)
 e - a wand of random effects (6)
Scrolls
 i - a scroll of fear {unknown}
 j - 2 scrolls of blinking {unknown}
 m - 2 scrolls of enchant armour {unknown}
 n - 4 scrolls of remove curse {unknown}
 o - a scroll of magic mapping {unknown}
 t - 2 scrolls of identify {unknown}
 v - a scroll of amnesia {unknown}
 y - 2 scrolls of teleportation {unknown}
Potions
 g - 3 potions of curing
 h - a potion of heal wounds
 k - 3 potions of flight {unknown}
 l - 3 potions of haste {unknown}
 p - 2 potions of mutation {unknown}
 r - a potion of might {unknown}
 A - a potion of cancellation {unknown}
Comestibles
 f - 4 rations


   Skills:
 + Level 2.1 Fighting
 + Level 3.8 Short Blades
 + Level 1.0 Throwing
 + Level 2.2 Armour
 + Level 3.2 Dodging
 + Level 1.7 Stealth
 + Level 3.6 Evocations


You had 5 spell levels left.
You didn't know any spells.
Your spell library was empty.

Dungeon Overview and Level Annotations

Branches:
Dungeon (4/15)
 Temple: D:4-7

Altars:
Cheibriados
Gozag
The Shining One

Annotations:
D:2 exclusion: 2 downstairs
D:3 exclusion: downstairs, Pikel
D:4 Natasha


Message History

* * * LOW HITPOINT WARNING * * *
Pikel hits you but does no damage.
Really walk into that dispersal trap? [Y]es or [N]o only, please.
Really walk into that dispersal trap?
You enter a dispersal trap!
Pikel blinks!
You blink.
Pikel is nearby!
Evoke which item? (* to show all) (? for menu, Esc to quit)
Aiming: Enslavement
Press: ? - help, Shift-Dir - straight line, f/p - Pikel
Aim: Pikel, wielding a +2 whip of flaming and wearing a +0 robe (moderately wounded, fast, misshapen and mutated, chance to defeat MR: 62%) Pikel resists with significant effort.
Evoke which item? (* to show all) (? for menu, Esc to quit)
Aiming: Enslavement
Press: ? - help, Shift-Dir - straight line, f/p - Pikel
Aim: Pikel, wielding a +2 whip of flaming and wearing a +0 robe (moderately wounded, fast, misshapen and mutated, chance to defeat MR: 62%) Pikel resists with significant effort.
Pikel hits you with a +2 whip of flaming.
You die...
Your body crumbles into a pile of gold.

###..........##.........#
.)...........##.........#
...<........)..........## #####
###..........##.........## ##....
#..........##..........###..... #
#..........##...........#...... #
######.######.........#.#......
#####....##.............#....)...
.)..#.#####.....@K.....####......
......#####.....#......# #......
..##....[####.#.####...####......
#..##..>.####.#........^.###.....
##....##.........#######.§###....
###..(.....#...###.⌠.###....<.##
##[####......##.....##.####.# #<#
##.....#.......#.# ##.# #.#
##....#.#...#.#.# #..#


You could see Pikel.

Vanquished Creatures
  A slave (D:3)
  A water moccasin skeleton (D:4)
  An orc wizard (D:3)
  An orc priest (D:3)
  A centaur skeleton (D:4)
  Robin (D:2)
  5 adders
  2 oozes
  3 worms
  4 dart slugs
  3 leopard geckos
  8 orcs
  2 giant cockroaches
  16 goblins
  9 hobgoblins
  11 jackals
  11 kobolds
  3 quokkas
  A ball python (D:2)
  10 bats
  6 frilled lizards
  A leopard gecko skeleton (D:4)
  14 rats
115 creatures vanquished.

Notes
Turn   | Place    | Note
-------+----------+-------------------------------------------
     0 | D:1      | H0rd4k the Human Artificer began the quest for the Orb.
     0 | D:1      | Reached XP level 1. HP: 15/15 MP: 3/3
    61 | D:1      | Reached XP level 2. HP: 12/21 MP: 4/4
   494 | D:1      | Reached XP level 3. HP: 26/26 MP: 5/5
  1278 | D:2      | Reached XP level 4. HP: 21/32 MP: 6/6
  1285 | D:2      | Reached skill level 1 in Armour
  1668 | D:2      | Identified the cursed +0 helmet of the Morning {Str+5}
  1668 | D:2      | Noticed Robin
  1944 | D:2      | Found a snail-covered altar of Cheibriados.
  2182 | D:2      | Found an opulent altar of Gozag.
  2291 | D:2      | Became a worshipper of Gozag Ym Sagoz the Greedy
  2489 | D:2      | Reached XP level 5. HP: 31/37 MP: 7/7
  2950 | D:2      | Killed Robin
  3651 | D:3      | Reached XP level 6. HP: 32/44 MP: 8/8
  4231 | D:4      | Noticed Pikel
  4231 | D:4      | Noticed a slave
  4234 | D:4      | Noticed a slave
  4359 | D:4      | Reached skill level 1 in Throwing
  4515 | D:4      | Noticed a slave
  4525 | D:4      | Noticed a slave
  4609 | D:3      | Killed a slave
  4905 | D:4      | Found a glowing golden altar of the Shining One.
  4980 | D:4      | Noticed Natasha
  5052 | D:3      | HP: 2/44 [Pikel/+2 whip of flaming (1)]
  5057 | D:3      | Slain by Pikel

Skill      XL: |  1  2  3  4  5  6 |
---------------+-------------------+-----
Short Blades   | 2 3 |  3.8
Armour         | 1 2 |  2.2
Dodging        | 3 |  3.2
Fighting       | 2 |  2.1
Throwing       | 1 |  1.0
Stealth        | |  1.7
Evocations     | |  3.6

Action                   |  1- 3 |  4- 6 || total
-------------------------+-------+-------++-------
Melee: Short sword       |   158 |   398 ||   556
 Fire: Blowgun           |       |     6 ||     6
Evoke: Wand              |       |    13 ||    13
  Use: Potion            |       |     2 ||     2
 Stab: Sleeping          |     2 |     4 ||     6
       Distracted        |       |     1 ||     1
  Eat: Chunk             |     1 |     5 ||     6
       Ration            |       |     2 ||     2
Armor: Leather armour    |    69 |   103 ||   172
Dodge: Dodged            |   133 |   240 ||   373
